 Dungeon Crawl Stone Soup version 0.23.2-33-g5129a83184 (webtiles) character file.

Game seed: 10327675274944073454

104 psyvane the Caller (level 4, -1/21 HPs)
             Began as a Vine Stalker Summoner on July 14, 2019.
             Killed by divine providence
             ... invoked by an orc priest
              (9 damage)
             ... on level 3 of the Dungeon.
             The game lasted 00:12:45 (2570 turns).

psyvane the Caller (Vine Stalker Summoner)          Turns: 2570, Time: 00:12:46

Health: -1/21      AC:  2    Str: 11    XL:     4   Next: 80%
Magic:  0/8        EV: 12    Int: 16    God:
Gold:   128        SH:  0    Dex: 14    Spells: 3/7 levels left

rFire    . . .     SeeInvis .   l - +0 short sword
rCold    . . .     Gourm    .   (no shield)
rNeg     . . .     Faith    .   a - +0 robe
rPois    .         Spirit   +   (no helmet)
rElec    .         Reflect  .   (no cloak)
rCorr    .         Harm     .   (no gloves)
MR       .....                  (no boots)
Stlth    ++........             d - amulet of magic regeneration
HPRegen  0.47/turn              (no ring)
MPRegen  0.36/turn              (no ring)

@: no status effects
A: fangs 2, regeneration 1, magic shield, antimagic bite, no potion heal 3, rot
immunity
a: no special abilities


You were on level 3 of the Dungeon.
You were not hungry.

You visited 1 branch of the dungeon, and saw 3 of its levels.

You collected 128 gold pieces.

Inventory:

Hand Weapons
 l - a +0 short sword (weapon)
Armour
 a - a +0 robe (worn)
 j - a +0 scale mail of cold resistance
Jewellery
 d - an amulet of magic regeneration (around neck)
Scrolls
 b - a scroll of immolation
 f - a scroll of enchant armour
 g - a scroll of teleportation {unknown}
 m - a scroll of enchant weapon {unknown}
 n - a scroll of magic mapping {unknown}
Potions
 e - 2 potions of might
 h - a potion of curing
 i - a potion of flight
 k - a potion of cancellation
 o - a potion of mutation {unknown}
Comestibles
 c - 3 rations
 p - 7 chunks of flesh


   Skills:
 - Level 1.5 Dodging
 - Level 2.4 Stealth
 - Level 2.1 Spellcasting
 * Level 6.0 Summonings


You had 3 spell levels left.
You knew the following spells:

 Your Spells              Type           Power        Failure   Level  Hunger
a - Summon Small Mammal   Summ           ###.         1%          1    #......
b - Call Canine Familiar  Summ           ###.....     4%          3    ###....

Your spell library contained the following spells:

 Spells                   Type           Power        Failure   Level  Hunger
 Call Imp                 Summ           ###.....     2%          2    ###....
 Summon Guardian Golem    Hex/Summ       ##......     19%         3    ###....
 Summon Ice Beast         Ice/Summ       ##......     52%         4    #####..
 Summon Lightning Spire   Summ/Air       ##......     52%         4    #####..


Dungeon Overview and Level Annotations

Branches:
Dungeon (3/15)

Altars:
Wu Jian
Xom
Zin


Innate Abilities, Weirdness & Mutations

You have extremely sharp teeth.
Your natural rate of healing is unusually fast.
When hurt, damage is shared between your health and your magic reserves.
Your bite disrupts and absorbs the magic of your enemies.
Potions cannot restore your health.
You are immune to rotting.


Message History

Your hound's corpse disappears in a puff of smoke!
Casting: Summon Small Mammal (safe; 1% risk of failure)
Confirm with . or Enter, or press ? or * to list all spells.
You don't have enough magic to cast that spell.
Okay, then.
You have no ailments to cure.
The orc priest completely misses your quokka.
Your quokka bites the orc priest but does no damage.
The orc priest barely misses your quokka.
Your quokka barely misses the orc priest.
The orc priest barely misses your quokka.
Your quokka bites the orc priest.
Casting: Summon Small Mammal (safe; 1% risk of failure)
Confirm with . or Enter, or press ? or * to list all spells.
The orc priest closely misses your quokka.
Your quokka bites the orc priest.
Your quokka closely misses the orc priest.
The orc priest calls down the wrath of Beogh upon you.
Beogh smites you!
You die...

#.# #.# ##.
..######.. ...
#........< ..
#.######.. [. ....#
### .### #.#.## #..
..# ##...# #.# #h#
##..# #.# #@#
##.#####.# #.#
#....##.# #.#
#.##.##)#####.#
#.##.##.......#
#......÷###...#
#.##.###.#.#.r#######
#.##.#
#......o§oo..##
#.^..#
#......####...##


You could see an orc priest, a friendly hound and a friendly quokka.

Vanquished Creatures
  A leopard gecko (D:1)
  3 giant cockroaches (D:1)
  A goblin (D:1)
  3 hobgoblins (D:1)
  A jackal (D:2)
  A ball python (D:1)
  2 bats (D:1)
  3 rats
15 creatures vanquished.

Vanquished Creatures (collateral kills)
  2 orc priests (D:3)
  An orc wizard (D:3)
  An adder (D:2)
  2 oozes (D:1)
  A worm (D:2)
  2 dart slugs (D:1)
  2 leopard geckos (D:2)
  5 orcs (D:3)
  2 bats
  5 goblins
  4 hobgoblins (D:1)
  3 jackals (D:2)
  A quokka (D:2)
  2 frilled lizards (D:1)
  6 kobolds
  2 rats
41 creatures vanquished.

Grand Total: 56 creatures vanquished

Notes
Turn   | Place    | Note
-------+----------+-------------------------------------------
     0 | D:1      | psyvane the Vine Stalker Summoner began the quest for the
                  | Orb.
     0 | D:1      | Reached XP level 1. HP: 9/9 MP: 4/4
   476 | D:1      | Reached XP level 2. HP: 7/13 MP: 0/6
  1243 | D:1      | Reached XP level 3. HP: 11/16 MP: 5/7
  1248 | D:1      | Reached skill level 5 in Summonings
  1275 | D:1      | Learned a level 3 spell: Call Canine Familiar
  1784 | D:2      | Found a shimmering altar of Xom.
  1784 | D:2      | Noticed an angel
  1788 | D:2      | Found a glowing silver altar of Zin.
  2131 | D:2      | Found an ornate altar of the Wu Jian Council.
  2374 | D:3      | Gained mutation: Your natural rate of healing is unusually
                  | fast. [Vine Stalker growth]
  2374 | D:3      | Reached XP level 4. HP: 21/21 MP: 2/8
  2552 | D:3      | Reached skill level 6 in Summonings
  2570 | D:3      | Killed from afar by an orc priest

Skill      XL: |  1  2  3  4 |
---------------+-------------+-----
Summonings     | 5 6 |  6.0
Dodging        | |  1.5
Stealth        | |  2.4
Spellcasting   | |  2.1

Action                   |  1- 3 |  4- 6 || total
-------------------------+-------+-------++-------
Melee: Unarmed           |    56 |       ||    56
       Bite              |     6 |       ||     6
       Short sword       |    14 |     7 ||    21
 Cast: Summon Small Mamm |    38 |    12 ||    50
       Call Canine Famil |     8 |     5 ||    13
  Use: Scroll            |     7 |     1 ||     8
 Stab: Sleeping          |     1 |       ||     1
       Distracted        |     1 |       ||     1
  Eat: Chunk             |     6 |     1 ||     7
Armor: Robe              |    14 |     1 ||    15
Dodge: Dodged            |    65 |     2 ||    67
